 Dungeon Crawl Stone Soup version 0.28-a0-938-gbc3f381ebc (webtiles) character file.

Game seed: 14695693565295696474

959 dolemite99 the Ruffian (level 7, -1/68 (74) HPs)
             Began as a Troll Chaos Knight on Nov 29, 2021.
             Was a Plaything of Xom.
             Slain by a wight (7 damage)
             ... on level 6 of the Dungeon.
             The game lasted 00:06:42 (4451 turns).

dolemite99 the Ruffian (Troll Chaos Knight)         Turns: 4451, Time: 00:06:43

HP:   -1/68 (74)    AC:  8    Str: 23      XL:     7   Next: 92%
MP:   6/6           EV: 10    Int:  7 (8)  God:    Xom [.*....]
Gold: 56            SH:  0    Dex: 10 (11) Spells: 6/6 levels left

rFire   . . .      SeeInvis .     - Unarmed
rCold   . . .      Faith    .   (no shield)
rNeg    . . .      Spirit   .   a - +2 robe
rPois   .          Reflect  .   (helmet restricted)
rElec   .          Harm     .   (no cloak)
rCorr   +          Rampage  .   (gloves unavailable)
Will    .....                   (boots unavailable)
Stlth   ++........              (no amulet)
HPRegen 1.01/turn               g - ring of resist corrosion
MPRegen 0.10/turn               (no ring)

@: drained
A: large, unfitting armour, claws 3, regeneration 1, shaggy fur 1, tough skin 1,
iridescent scales 1, thin skeletal structure 1, deterioration 2, no potion heal
1
a: Renounce Religion


You were on level 6 of the Dungeon.
You worshipped Xom.
You were a plaything of Xom.
You visited 1 branch of the dungeon, and saw 6 of its levels.

You collected 174 gold pieces.
You spent 118 gold pieces at shops.

Inventory:

Missiles
 b - 23 poisoned darts
 c - 27 arrows
 d - a throwing net
 i - 181 stones
 o - 2 javelins (quivered)
 s - 25 sling bullets
 y - 2 boomerangs
Armour
 a - a +2 robe (worn)
 j - a +0 animal skin
 u - a +0 robe
Jewellery
 g - a ring of resist corrosion (left claw)
 l - an amulet of guardian spirit
Wands
 n - a wand of acid (7)
Scrolls
 e - 2 scrolls of teleportation
 m - a scroll of vulnerability
 p - a scroll of blinking
 q - a scroll of fear
Potions
 f - 2 potions of berserk rage
 h - 3 potions of flight
 k - a potion of haste
 r - a potion of heal wounds {unknown}
 t - 2 potions of ambrosia
 v - a potion of curing {unknown}
 w - a potion of lignification
 x - a potion of mutation {unknown}


   Skills:
 + Level 5.9 Fighting
 - Level 1.9 Dodging
 + Level 7.1 Unarmed Combat


You had 6 spell levels left.
You didn't know any spells.
Your spell library contained the following spells:

 Spells                   Type           Power      Damage    Failure   Level
 Call Canine Familiar     Summ           0%         N/A       80%         3
 Portal Projectile        Hex/Tloc       0%         N/A       80%         3
 Leda's Liquefaction      Hex/Erth       0%         N/A       99%         4
 Summon Ice Beast         Ice/Summ       0%         N/A       99%         4
 Summon Mana Viper        Hex/Summ       0%         N/A       100%        5
 Monstrous Menagerie      Summ           0%         N/A       100%        7


Dungeon Overview and Level Annotations

Branches:
Dungeon (6/15)             Temple (0/1) D:4

Altars:
Dithmenos
Sif Muna
Trog
Uskayaw
Wu Jian
Xom

Shops:
D:3 ?*((*   D:5 !


Innate Abilities, Weirdness & Mutations

You are too large for most types of armour.
You have claws for hands.
Your natural rate of healing is unusually fast.
You are covered in fur. (AC +1)
You have tough skin. (AC +1)
You are partially covered in iridescent scales. (AC +2)
You have a somewhat thin skeletal structure. (Dex +2, Stealth+)
Your body often deteriorates upon taking damage.
Potions are less effective at restoring your health.


Message History

Things that are here:
a +4 flail; a +0 robe You scratch the wight but do no damage.
The wight hits you with a +1 halberd. The wight barely misses you.
You scratch the wight.
The wight is lightly damaged.
The wight hits you with a +1 halberd!
Your body deteriorates!
You feel dopey.
You closely miss the wight. The wight closely misses you.
You claw the wight!
The wight is severely damaged.
The wight closely misses you. The wight barely misses you.
You closely miss the wight.
The wight is severely damaged.
The wight closely misses you.
You claw the wight!
You destroy the wight!
The wight closely misses you.
Items here: )) [[.
You scratch the wight but do no damage. You claw the wight!
The wight is severely damaged.
The wight hits you with a +4 great sword of freezing!
You feel drained. The wight freezes you.
You barely miss the wight.
The wight is severely damaged.
The wight hits you but does no damage.
You closely miss the wight.
The wight is severely damaged.
The wight hits you with a +4 great sword of freezing!
Your body deteriorates!
You feel clumsy. The wight freezes you.
You closely miss the wight.
The wight is severely damaged.
The wight hits you but does no damage.
You scratch the wight but do no damage.
The wight is severely damaged.
The wight hits you with a +4 great sword of freezing!!
* * * LOW HITPOINT WARNING * * *
You feel drained.
You die...

.z.. ##... (...#
#... ##..# ...#
#..# #z# #@# #)#
#######'########
..........<.^..#
####.........[.#
#...........#
#...........#
#...........#
#...........#


You could see a wight.

Vanquished Creatures
  A black bear (D:5)
  2 bullfrogs (D:5)
  A water moccasin zombie (D:5)
  2 scorpions (D:5)
  3 wights (D:6)
  A gnoll shaman (D:5)
  An orc priest (D:5)
  A centaur skeleton (D:5)
  A hound (D:4)
  Terence (D:2)
  An iguana (D:5)
  An orc wizard (D:5)
  12 gnolls
  5 adders
  2 worms
  2 dart slugs
  6 orcs
  7 ball pythons
  A bat (D:2)
  3 endoplasms
  3 giant cockroaches
  11 goblins
  9 hobgoblins
  7 jackals
  14 kobolds
  A quokka (D:1)
  4 frilled lizards
  2 rats
105 creatures vanquished.

Vanquished Creatures (others)
  A plant (D:5)
1 creature vanquished.

Grand Total: 106 creatures vanquished

Notes
Turn   | Place    | Note
-------+----------+-------------------------------------------
     0 | D:1      | dolemite99 the Troll Chaos Knight began the quest for the
                  | Orb.
     0 | D:1      | Reached XP level 1. HP: 22/22 MP: 0/0
    63 | D:1      | Reached XP level 2. HP: 26/29 MP: 1/1
   193 | D:1      | XOM: divination: detect creatures
   567 | D:2      | Reached XP level 3. HP: 37/37 MP: 2/2
   590 | D:2      | Noticed Terence
   599 | D:2      | Killed Terence
   600 | D:2      | Reached skill level 4 in Unarmed Combat
   697 | D:2      | Found a shadowy altar of Dithmenos.
   753 | D:2      | Found a faded altar of an unknown god.
   833 | D:2      | Reached XP level 4. HP: 45/45 MP: 3/3
  1254 | D:2      | XOM: give mutation
  1254 | D:2      | Gained mutation: You are partially covered in iridescent
                  | scales. (AC +2) [Xom's grace]
  1343 | D:3      | Found Poesso Dunae's Weapon Shop.
  1378 | D:3      | Found Ipet's Assorted Antiques.
  1393 | D:3      | Bought 2 black potions for 37 gold pieces
  1393 | D:3      | Bought a scroll labelled PUFIETTUGA for 21 gold pieces
  1458 | D:3      | Found Sir Zilu's Antique Weapon Shoppe.
  1482 | D:3      | Found Uvos's Assorted Antiques.
  1491 | D:3      | Bought a scroll labelled KOSETO ROTHRE for 21 gold pieces
  1513 | D:3      | Found a shimmering blue altar of Sif Muna.
  1568 | D:3      | Found an ornate altar of the Wu Jian Council.
  1646 | D:3      | Found Yschehoz's Magic Scroll Shop.
  1702 | D:3      | XOM: scenery: create altars
  1727 | D:3      | Noticed a +0 dagger
  1728 | D:3      | Noticed a +0 dagger
  1730 | D:3      | Found a hide-covered altar of Uskayaw.
  1809 | D:3      | Found a bloodstained altar of Trog.
  2324 | D:4      | Reached XP level 5. HP: 47/54 MP: 4/4
  2369 | D:4      | XOM: give mutations
  2369 | D:4      | Gained mutation: Potions are less effective at restoring
                  | your health. [Xom's mischief]
  2369 | D:4      | Gained mutation: You sometimes lose the ability to read
                  | scrolls when taking damage. [Xom's mischief]
  2369 | D:4      | Gained mutation: You tend to lose your temper in combat.
                  | [Xom's mischief]
  2369 | D:4      | Gained mutation: You are clumsy. (Dex -2) [Xom's mischief]
  2487 | D:4      | Reached skill level 5 in Unarmed Combat
  2501 | D:4      | Found a staircase to the Ecumenical Temple.
  2618 | D:4      | XOM is BORED!
  2618 | D:4      | XOM: draining
  2656 | D:4      | XOM: give mutations
  2656 | D:4      | Gained mutation: You passively map a small area around you.
                  | [Xom's grace]
  2656 | D:4      | Lost mutation: You are clumsy. (Dex -2) [Xom's grace]
  2656 | D:4      | Lost mutation: You tend to lose your temper in combat.
                  | [Xom's grace]
  2656 | D:4      | Gained mutation: You have a somewhat thin skeletal
                  | structure. (Dex +2, Stealth+) [Xom's grace]
  2796 | D:5      | Entered Level 5 of the Dungeon
  2809 | D:5      | Reached XP level 6. HP: 54/56 MP: 5/5
  2850 | D:5      | Found Sedigg's Distillery.
  2934 | D:5      | XOM: god gift: robe {god gift}
  2961 | D:5      | XOM: stat loss: -1 Str (22/23)
  2975 | D:5      | Reached skill level 6 in Unarmed Combat
  3055 | D:5      | Reached XP level 7. HP: 70/71 MP: 6/6
  3130 | D:5      | Reached skill level 5 in Fighting
  3239 | D:5      | XOM: enchant monster (bad)
  3274 | D:5      | XOM: give mutations
  3274 | D:5      | Lost mutation: You sometimes lose the ability to read
                  | scrolls when taking damage. [Xom's mischief]
  3274 | D:5      | Gained mutation: Your body sometimes deteriorates upon
                  | taking damage. [Xom's mischief]
  3274 | D:5      | Lost mutation: You passively map a small area around you.
                  | [Xom's mischief]
  3274 | D:5      | Gained mutation: Your body often deteriorates upon taking
                  | damage. [Xom's mischief]
  3655 | D:5      | Bought a potion of lignification for 39 gold pieces
  3998 | D:5      | XOM: confuse monster(s)
  4019 | D:5      | XOM: blink monster(s)
  4431 | D:6      | XOM: enchant monster (bad)
  4439 | D:6      | Reached skill level 7 in Unarmed Combat
  4451 | D:6      | Slain by a wight

Illustrated notes

Levels and vault maps discovered:
D:1:      dpeg_arrival_tiny_a, layout_rooms, corexii_hall_statues_x,
          dk_noncrumbling_3, minmay_bisected
D:2:      layout_loops_cross, basic_altar, shapermc_ecumenical_altar_gd,
          uniq_terence
D:3:      layout_basic, mainiacjoe_overflow_cross_hatched,
          dancing_weapons_uskayaw, mainiacjoe_overflow_alcove_4,
          trog_hazing_becter, serial_shops, nicolae_shop_bloodbath_and_beyond,
          shop, nicolae_lakefront_shop, nicolae_shop_advertising_works
          [nicolae_subvault_shop_adworks], shop,
          nicolae_concentric_dashed_squares_mild
D:4:      layout_basic, temple_statues, minivault_11, moated_statue
D:5:      corexii_shack_village, layout_layer_cave, serial_shops,
          nicolae_shop_window_shopping
D:6:      layout_basic, gammafunk_temple_overflow_wave

Skill      XL: |  1  2  3  4  5  6  7 |
---------------+----------------------+-----
Fighting       | 3 4 5 |  5.9
Unarmed Combat | 4 5 6 7 |  7.1
Dodging        | |  1.9

Action                   |  1- 3 |  4- 6 |  7- 9 || total
-------------------------+-------+-------+-------++-------
Melee: Unarmed           |    76 |   153 |    84 ||   313
       Punch             |     1 |     3 |     3 ||     7
Throw: Dart              |    31 |    22 |     1 ||    54
       Javelin           |       |     4 |     8 ||    12
  Use: Scroll            |       |     8 |     1 ||     9
 Stab: Sleeping          |       |     2 |     2 ||     4
Armor: Robe              |    28 |    76 |    58 ||   162
Dodge: Dodged            |    21 |    81 |    59 ||   161

Table legend: (Time is in decaauts)
 A = Elapsed time spent in this place.
 B = Non-inter-level travel time spent in this place.
 C = Inter-level travel time spent in this place.
 D = Time resting spent in this place.
 E = Time spent auto-exploring this place.
 F = Levels seen in this place.
 G = Mean time per level.
                   A        B        C        D        E       F      G
               +--------+--------+--------+--------+--------+-----+--------+
         Total |   4429 |   4225 |    204 |    116 |   3072 |   6 |  738.2 |
       Dungeon |   4429 |   4225 |    204 |    116 |   3072 |   6 |  738.2 |
               +--------+--------+--------+--------+--------+-----+--------+

Top non-repeatable levels by time:
     D:5: 1609 daAuts
     D:3: 884 daAuts
     D:2: 779 daAuts
     D:4: 612 daAuts
     D:1: 507 daAuts
     D:6: 36 daAuts
